 Dungeon Crawl Stone Soup version 0.19.5 (webtiles) character file.

6631 Patchouli the Covert (level 10, -6/51 HPs)
             Began as a Spriggan Assassin on Mar 6, 2017.
             Was a Follower of Kikubaaqudgha.
             Mangled by a vampire knight
             ... wielding a +0 long sword
              (9 damage)
             ... while paralysed by a vampire knight
             ... on level 14 of the Dungeon.
             The game lasted 00:37:09 (3681 turns).

Patchouli the Covert (Spriggan Assassin)            Turns: 3681, Time: 00:37:09

Health: -6/51      AC:  4    Str:  7      XL:     10   Next: 72%
Magic:  19/19      EV:  4    Int: 11      God:    Kikubaaqudgha [*.....]
Gold:   368        SH:  0    Dex: 18 (19) Spells: 4 memorised, 11 levels left

rFire  + + .     SeeInvis +     a - +2 dagger
rCold  . . .     Gourm    .     n - +1 robe "Atiq" {+Blink rF+ Int-4} (curse)
rNeg   . . .     Faith    .     (shield restricted)
rPois  .         Spirit   .     (helmet restricted)
rElec  .         Reflect  .     d - +0 cloak
rCorr  +         Harm     .     (gloves unavailable)
MR     +....                    (boots unavailable)
Stlth  +++++.....               l - amulet of magic regeneration
                                w - ring of resist corrosion
                                r - ring of protection from fire

@: paralysed, very quick
A: unfitting armour, see invisible, herbivore 3, speed 3, slow metabolism 2
a: Receive Corpses, Renounce Religion, Evoke Blink


You were on level 14 of the Dungeon.
You worshipped Kikubaaqudgha.
Kikubaaqudgha was aware of your devotion.
You were full.

You visited 2 branches of the dungeon, and saw 16 of its levels.

You collected 368 gold pieces.

Inventory:

Hand Weapons
 a - a +2 dagger (weapon)
 b - a +1 blowgun
 f - a cursed -1 falchion
Missiles
 o - 9 poisoned needles
Armour
 c - a +0 robe
 d - a +0 cloak (worn)
 n - the cursed +1 robe "Atiq" (worn) {+Blink rF+ Int-4}
   (You found it on level 15 of the Dungeon)

   It affects your intelligence (-4).
   It protects you from fire.
   It lets you blink.
   It has a curse placed upon it.
Jewellery
 l - an amulet of magic regeneration (around neck)
 r - a ring of protection from fire (left hand)
 w - a ring of resist corrosion (right hand)
Wands
 k - a wand of polymorph (12/24)
 s - a wand of heal wounds (5/9)
 t - a wand of flame (0/48)
 v - a wand of acid (0/15)
Scrolls
 h - a scroll of identify
 i - 3 scrolls of enchant armour
 m - a scroll of amnesia
 q - 2 scrolls of remove curse
 y - a scroll of blinking
Potions
 j - 2 potions of heal wounds
 p - a potion of flight
Books
 e - a book of Changes

   Spells                             Type                      Level
   a - Beastly Appendage              Transmutation                1
   b - Sticks to Snakes               Transmutation                2
   c - Spider Form                    Transmutation/Poison         3
   d - Ice Form                       Ice/Transmutation            4
   e - Blade Hands                    Transmutation                5
 x - Kikubaaqudgha's Compendium of Unholy Rites
   (Kikubaaqudgha gifted it to you on level 11 of the Dungeon)

   Spells                             Type                      Level
   a - Animate Skeleton               Necromancy                   1
   b - Corpse Rot                     Necromancy                   2
   c - Sublimation of Blood           Necromancy                   2
   d - Vampiric Draining              Necromancy                   3
   e - Control Undead                 Necromancy                   4
Comestibles
 g - 3 bread rations


   Skills:
 + Level 4.4 Fighting
 * Level 8.5 Short Blades
 - Level 5.0 Throwing
 + Level 7.3 Dodging
 * Level 12.2 Stealth
 + Level 5.8 Spellcasting
 * Level 4.8 Necromancy
 * Level 7.6 Transmutations


You had 11 spell levels left.
You knew the following spells:

 Your Spells              Type           Power        Failure   Level  Hunger
a - Sticks to Snakes      Tmut           ###.....     1%          2    ##.....
b - Animate Skeleton      Necr           N/A          2%          1    None
c - Spider Form           Tmut/Pois      ##........   14%         3    ###....
d - Vampiric Draining     Necr           ##........   10%         3    ###....


Dungeon Overview and Level Annotations

Branches:
Dungeon (15/15)               Orc (0/2) D:10         Depths (1/5) D:15
 Temple: D:4-7         Lair: D:8-11      Vaults: D:13-14

Altars:
Ashenzari
Fedhas
Kikubaaqudgha
Nemelex Xobeh
Okawaru
Trog
Xom
Yredelemnul

Annotations:
D:4 smzp's ghost, amateur FeFi
D:5 Eustachio
D:11 Psyche; flsc's ghost, journeyman MiFi
Depths:1 framaz's ghost, adept VSMo


Innate Abilities, Weirdness & Mutations

You are very small and have problems with some larger weapons.
You are too small for most types of armour.
You have supernaturally acute eyesight. (SInv)
You are a herbivore.
You cover ground extremely quickly.
You need consume almost no food.


Message History

The bullfrog releases a deep croak.
The bullfrog hits your cyclops skeleton.
The bullfrog hits your cyclops skeleton.
Your cyclops skeleton hits the bullfrog!!
The bullfrog dies!
Kikubaaqudgha accepts your kill.
The vampire knight blinks!
The vampire knight hits you with a long sword!
The vampire knight closely misses you. The vampire knight closely misses you.
The vampire knight bites you!
The vampire knight draws strength from your injuries!
The vampire knight blinks!
The vampire knight gestures at you while chanting.
You suddenly lose the ability to move!
The vampire knight hits you with a long sword!!
Ouch! That really hurt!
* * * LOW HITPOINT WARNING * * *
The vampire knight bites you!
You die...
Kikubaaqudgha rasps: "You have failed me!
Welcome... death!"

#........###}# #........###.#
######......##...##
#.........>......#
#.......Z.......##
######.........# #..####...#
#### #..###...# ###..###
#..##.@V.# ##..##..#
#..##....# ###...# ...
#..##.#.#(###.V...##...
#####.......##....Z..#..#..
#...........#.........#.%#..
#...............#.#.........
######.........####ยง........
#.........# #.........
#.........# #..####...


You could see a vampire knight.

Vanquished Creatures
  An ogre mage (D:15)
  A yaktaur captain (D:15)
  A rakshasa (Depths:1)
  A centaur warrior (D:15)
  An unseen horror (D:10)
  An ugly thing (D:13)
  A cyclops (D:14)
  2 yaktaurs
  2 yaks (D:13)
  2 wyverns
  A golden eye (shapeshifter) (D:15)
  A sky beast (D:6)
  An eye of draining (D:13)
  A phantom (D:12)
  A black bear (D:13)
  2 ogres
  A bullfrog (D:11)
  2 hounds
  3 orc priests
  An orc wizard (D:6)
  A bullfrog skeleton (D:6)
  An iguana (D:4)
  Natasha (D:4)
  3 worker ants
  A howler monkey zombie (D:6)
  3 adders
  An adder skeleton (D:4)
  2 leopard geckos
  21 orcs
  3 giant cockroaches
  A goblin (D:2)
  A hobgoblin (D:1)
  3 jackals (D:11)
  6 kobolds (D:3)
  2 quokkas
  4 bats
  A frilled lizard (D:4)
82 creatures vanquished.

Vanquished Creatures (collateral kills)
  An ugly thing (D:11)
  A bullfrog (D:14)
2 creatures vanquished.

Vanquished Creatures (others)
  An orc (D:5)
  A quokka (D:5)
2 creatures vanquished.

Grand Total: 86 creatures vanquished

Notes
Turn   | Place    | Note
-------+----------+-------------------------------------------
     0 | D:1      | Patchouli the Spriggan Assassin began the quest for the Orb.
     0 | D:1      | Reached XP level 1. HP: 10/10 MP: 2/2
   155 | D:2      | You fall through a shaft!
   328 | D:4      | Reached skill level 6 in Stealth
   328 | D:4      | Reached XP level 2. HP: 14/15 MP: 3/3
   351 | D:5      | Entered Level 5 of the Dungeon
   384 | D:5      | Noticed a crimson imp
   451 | D:4      | Reached skill level 1 in Spellcasting
   451 | D:4      | Reached XP level 3. HP: 10/18 MP: 3/5
   480 | D:4      | Noticed smzp's ghost (amateur FeFi)
   522 | D:5      | Noticed an ogre
   527 | D:5      | Killed an ogre
   527 | D:5      | Reached XP level 4. HP: 17/23 MP: 5/7
   586 | D:4      | Noticed Natasha
   602 | D:4      | Killed Natasha
   602 | D:4      | Reached XP level 5. HP: 17/26 MP: 8/8
   664 | D:3      | Reached skill level 7 in Stealth
   774 | D:3      | Found a bloodstained altar of Trog.
  1132 | D:5      | Found a sparkling altar of Nemelex Xobeh.
  1262 | D:5      | Found a blossoming altar of Fedhas.
  1426 | D:6      | Reached XP level 6. HP: 21/31 MP: 10/10
  1636 | D:5      | Found a shattered altar of Ashenzari.
  1636 | D:5      | Found an iron altar of Okawaru.
  1637 | D:5      | Found an ancient bone altar of Kikubaaqudgha.
  1644 | D:5      | Became a worshipper of Kikubaaqudgha
  1654 | D:5      | Noticed Eustachio
  1768 | D:6      | Noticed an orc warrior
  1794 | D:5      | Found a shimmering altar of Xom.
  1934 | D:6      | Reached skill level 8 in Stealth
  1934 | D:6      | Reached XP level 7. HP: 35/35 MP: 11/11
  2249 | D:8      | Found a basalt altar of Yredelemnul.
  2282 | D:9      | Learned a level 2 spell: Sticks to Snakes
  2288 | D:10     | Entered Level 10 of the Dungeon
  2330 | D:10     | Reached skill level 5 in Short Blades
  2484 | D:10     | Found a staircase to the Orcish Mines.
  2484 | D:10     | Noticed an unseen horror
  2485 | D:10     | Killed an unseen horror
  2485 | D:10     | Reached skill level 9 in Stealth
  2485 | D:10     | Reached skill level 1 in Necromancy
  2485 | D:10     | Reached XP level 8. HP: 40/40 MP: 12/14
  2511 | D:11     | Noticed Psyche
  2554 | D:11     | Reached * piety under Kikubaaqudgha
  2554 | D:11     | Identified Kikubaaqudgha's Compendium of Unholy Rites (Kikubaaqudgha gifted it to you on level 11 of the Dungeon)
  2554 | D:11     | Received a gift from Kikubaaqudgha
  2554 | D:11     | Reached skill level 5 in Dodging
  2558 | D:11     | Learned a level 1 spell: Animate Skeleton
  2587 | D:11     | Noticed flsc's ghost (journeyman MiFi)
  2757 | D:11     | Noticed a white ugly thing
  2766 | D:11     | Killed a white ugly thing
  2766 | D:11     | Reached skill level 10 in Stealth
  2897 | D:11     | Learned a level 3 spell: Spider Form
  3025 | D:13     | Noticed a cyan ugly thing
  3029 | D:13     | Noticed a centaur warrior
  3032 | D:13     | Killed a cyan ugly thing
  3032 | D:13     | Reached XP level 9. HP: 44/44 MP: 16/16
  3118 | D:14     | Noticed a cyclops
  3202 | D:13     | Reached skill level 5 in Transmutations
  3302 | D:13     | Noticed a manticore
  3307 | D:14     | Noticed a manticore
  3325 | D:14     | You fall through a shaft!
  3325 | D:15     | Entered Level 15 of the Dungeon
  3334 | D:15     | Noticed a hill giant
  3362 | D:15     | Noticed a yaktaur
  3368 | D:15     | Found a staircase to the Depths.
  3368 | D:15     | Noticed a yaktaur captain
  3371 | D:15     | Killed a yaktaur captain
  3371 | D:15     | Reached skill level 11 in Stealth
  3371 | D:15     | Reached skill level 5 in Spellcasting
  3375 | D:15     | Killed a yaktaur
  3375 | D:15     | Reached skill level 5 in Throwing
  3375 | D:15     | Reached XP level 10. HP: 49/49 MP: 18/18
  3379 | Depths:1 | Entered Level 1 of the Depths
  3379 | Depths:1 | Noticed a rakshasa
  3385 | Depths:1 | Killed a rakshasa
  3393 | Depths:1 | Noticed framaz's ghost (adept VSMo)
  3404 | D:15     | Noticed a centaur warrior
  3425 | D:15     | Killed a centaur warrior
  3461 | D:15     | Noticed a hill giant
  3474 | D:15     | Noticed an ogre mage
  3508 | D:15     | Learned a level 3 spell: Vampiric Draining
  3521 | D:15     | Paralysed by an ogre mage for 2 turns
  3529 | D:15     | Killed an ogre mage
  3529 | D:15     | Reached skill level 12 in Stealth
  3553 | D:15     | Got an ominously black robe
  3564 | D:15     | Identified the cursed +1 robe "Atiq" {+Blink rF+ Int-4} (You found it on level 15 of the Dungeon)
  3583 | D:14     | Noticed a cyclops
  3588 | D:14     | Killed a cyclops
  3638 | D:14     | Noticed a vampire knight
  3677 | D:14     | Paralysed by a vampire knight for 4 turns
  3681 | D:14     | Mangled by a vampire knight

Skill      XL: |  1  2  3  4  5  6  7  8  9 10 |
---------------+-------------------------------+-----
Stealth        | 6 7 8 9 10 11 12 | 12.2
Dodging        | 2 3 4 5 6 7 |  7.3
Spellcasting   | 1 2 3 4 5 |  5.8
Fighting       | 2 3 4 |  4.4
Short Blades   | 3 4 5 6 7 8 |  8.5
Throwing       | 3 4 5 |  5.0
Necromancy     | 1 2 3 4 |  4.8
Transmutations | 2 4 6 7 |  7.6

Action                   |  1- 3 |  4- 6 |  7- 9 | 10-12 || total
-------------------------+-------+-------+-------+-------++-------
Melee: Dagger            |    35 |   102 |   110 |    17 ||   264
 Fire: Blowgun           |    10 |   101 |    27 |     5 ||   143
 Cast: Animate Skeleton  |       |       |    10 |     1 ||    11
Evoke: Wand              |       |     9 |     3 |     5 ||    17
  Use: Scroll            |       |     6 |     1 |     3 ||    10
       Potion            |       |     1 |     1 |     5 ||     7
 Stab: Sleeping          |     6 |     2 |    14 |     3 ||    25
       Distracted        |       |     1 |     4 |       ||     5
  Eat: Bread ration      |       |       |       |     1 ||     1
Armor: Robe              |     6 |    14 |     2 |     2 ||    24
Dodge: Dodged            |    28 |    83 |    40 |    17 ||   168
